 Dungeon Crawl Stone Soup version 0.29.1-1-gd02db6906a (webtiles) character file.

Game seed: 11175243289720830308

16 koil the Sneak (level 2, 0/13 HPs)
             Began as a Spriggan Enchanter on Oct 15, 2022.
             Slain by a frilled lizard (3 damage)
             ... on level 1 of the Dungeon.
             The game lasted 00:01:20 (598 turns).

koil the Sneak (Spriggan Enchanter)                  Turns: 598, Time: 00:01:20

Health: 0/13       AC:  2    Str:  4    XL:     2   Next: 41%
Magic:  7/7        EV: 17    Int: 16    God:
Gold:   28         SH:  0    Dex: 15    Spells: 7/7 levels left

rFire   . . .      SeeInvis +   a - +1 dagger
rCold   . . .      Faith    .   (no shield)
rNeg    . . .      Spirit   .   b - +0 robe
rPois   .          Reflect  .   (helmet restricted)
rElec   .          Harm     .   (no cloak)
rCorr   .          Rampage  .   (gloves unavailable)
Will    .....                   (boots unavailable)
Stlth   +++.......              (no amulet)
HPRegen 0.04/turn               (no ring)
MPRegen 0.10/turn               (no ring)

@: very quick
A: very small, no large weapons, unfitting armour, see invisible, speed 3
a: no special abilities


You were on level 1 of the Dungeon.
You visited 1 branch of the dungeon, and saw 1 of its levels.

You collected 28 gold pieces.

Inventory:

Hand Weapons
 a - a +1 dagger (weapon)
Armour
 b - a +0 robe (worn)
Scrolls
 d - a scroll of enchant armour {unknown}
 e - a scroll of blinking {unknown}
 g - a scroll of brand weapon {unknown}
Potions
 c - 2 potions of invisibility
 f - a potion of flight {unknown}


   Skills:
 + Level 1.1 Short Blades
 + Level 2.8 Dodging
 + Level 4.9 Stealth
 + Level 3.2 Spellcasting
 + Level 3.8 Hexes


You had 7 spell levels left.
You didn't know any spells.
Your spell library contained the following spells:

 Spells                   Type           Power      Damage    Failure   Level
 Confusing Touch          Hex            15%        N/A       11%         3
 Tukima's Dance           Hex            15%        N/A       11%         3
 Ensorcelled Hibernation  Hex/Ice        16%        N/A       13%         2
 Dazzling Flash           Conj/Hex       16%        N/A       26%         3


Dungeon Overview and Level Annotations

Branches:
Dungeon (1/15)

Altars:


Innate Abilities, Weirdness & Mutations

You are very small and have problems with some larger weapons.
You are too small for most types of armour.
You have supernaturally acute eyesight. (SInv)
You cover ground extremely quickly. (Speed+++)


Message History

The rat completely misses you. The frilled lizard barely misses you.
The kobold barely misses you.
You barely miss the rat.
The rat is moderately wounded.
The rat misses you.
The kobold hits you with a +0 short sword.
The frilled lizard closely misses you.
You hit the rat.
The rat is severely wounded.
The rat barely misses you. The kobold hits you but does no damage.
The frilled lizard completely misses you.
You hit the rat.
You kill the rat!
The frilled lizard closely misses you. The kobold closely misses you.
You closely miss the kobold.
The frilled lizard completely misses you.
The kobold closely misses you.
You barely miss the kobold.
The frilled lizard bites you but does no damage.
The kobold hits you with a +0 short sword.
You are too injured to fight recklessly!
You are too injured to fight recklessly!
You are too injured to fight recklessly!
You are too injured to fight recklessly!
You are too injured to fight recklessly!
You are too injured to fight recklessly!
You are too injured to fight recklessly!
You hit the kobold.
You kill the kobold!
The frilled lizard closely misses you.
Things that are here:
a +0 short sword; 4 stones; a kobold corpse You miss the frilled lizard.
The frilled lizard bites you.
* * * LOW HITPOINT WARNING * * *
You closely miss the frilled lizard.
The frilled lizard bites you but does no damage.
You hit the frilled lizard.
The frilled lizard is heavily wounded.
The frilled lizard bites you.
You die...

## ### . #. ..# .#
###. #.##.. ... #...
#.#.###.# #.##.#l@...#
...........#
#.##....##.#
##....##†# #...#
........#.# #...#
#.###.#..#.# #...# # .
.........# #...# #
#.#.##..######...#####
#.#.##.............÷..


You could see a frilled lizard.

Vanquished Creatures
  A ball python (D:1)
  An endoplasm (D:1)
  2 giant cockroaches (D:1)
  A hobgoblin (D:1)
  3 jackals (D:1)
  4 bats (D:1)
  A kobold (D:1)
  2 rats (D:1)
15 creatures vanquished.

Notes
Turn   | Place    | Note
-------+----------+-------------------------------------------
     0 | D:1      | koil the Spriggan Enchanter began the quest for the Orb.
     0 | D:1      | Reached XP level 1. HP: 9/9 MP: 5/5
   219 | D:1      | Reached XP level 2. HP: 10/13 MP: 7/7
   598 | D:1      | Slain by a frilled lizard

Illustrated notes

Levels and vault maps discovered:
D:1:      minmay_arrival_split_and_join, layout_loops_cross,
          ebering_ecumenical_altar_mist, nrook_mini_vaults

Skill      XL: |  1 |
---------------+----+-----
Spellcasting   | 3 |  3.2
Short Blades   | |  1.1
Dodging        | |  2.8
Stealth        | |  4.9
Hexes          | |  3.8

Action                   || total
-------------------------++-------
Melee: Dagger            ||    75
 Stab: Sleeping          ||     3
Armor: Robe              ||    12
Dodge: Dodged            ||    77
